 Dungeon Crawl Stone Soup version 0.25-a0-1133-g93ebf739aa (webtiles) character file.

Game seed: 11610727729894175366, levelgen mode: deterministic

385 Error4North the Chopper (level 6, -16/53 HPs)
             Began as a Hill Orc Fighter on May 20, 2020.
             Was an Initiate of Okawaru.
             Killed from afar by a green death (29 damage)
             ... with a bolt of poison
             ... on level 1 of the Abyss on May 21, 2020.
             The game lasted 00:08:45 (3489 turns).

Error4North the Chopper (Hill Orc Fighter)          Turns: 3489, Time: 00:08:45

Health: -16/53     AC: 12    Str: 21    XL:     6   Next: 77%
Magic:  6/6        EV: 21    Int:  8    God:    Okawaru [......]
Gold:   209        SH:  9    Dex: 10    Spells: 5/5 levels left

rFire    . . .     SeeInvis .   a - +0 war axe
rCold    + . .     Gourm    .   c - +0 kite shield
rNeg     . . .     Faith    .   u - +0 chain mail
rPois    .         Spirit   .   (no helmet)
rElec    .         Reflect  .   (no cloak)
rCorr    .         Harm     .   r - +0 pair of gloves
MR       .....                  p - +0 pair of boots
Stlth    ..........             m - amulet of the acrobat
HPRegen  0.17/turn              l - ring of stealth (curse)
MPRegen  0.10/turn              t - ring of protection from cold

@: mighty, lethally poisoned (-16 -> -30), about to teleport, acrobat
A: no striking features
a: Renounce Religion


You were on level 1 of the Abyss.
You worshipped Okawaru.
Okawaru was noncommittal.
You were not hungry.

You visited 2 branches of the dungeon, and saw 5 of its levels.
You visited the Abyss 1 time.

You collected 209 gold pieces.

Inventory:

Hand Weapons
 a - a +0 war axe (weapon)
Armour
 c - a +0 kite shield (worn)
 p - a +0 pair of boots (worn)
 r - a +0 pair of gloves (worn)
 u - a +0 chain mail (worn)
Jewellery
 l - a cursed ring of stealth (left hand)
 m - an amulet of the acrobat (around neck)
 t - a ring of protection from cold (right hand)
Scrolls
 b - a scroll of identify {unknown}
 e - a scroll of blinking {unknown}
 n - 3 scrolls of remove curse {unknown}
 q - 2 scrolls of amnesia {unknown}
 v - a scroll of enchant armour {unknown}
 w - a scroll of summoning {unknown}
Potions
 h - a potion of stabbing {unknown}
 i - 2 potions of curing {unknown}
 j - 3 potions of heal wounds {unknown}
 k - a potion of flight {unknown}
 o - a potion of berserk rage {unknown}
 s - a potion of magic {unknown}
Comestibles
 f - 8 rations


   Skills:
 * Level 4.6 Fighting
 + Level 5.7 Axes
 * Level 4.9 Armour
 + Level 1.4 Dodging
 * Level 4.4 Shields


You had 5 spell levels left.
You didn't know any spells.
Your spell library was empty.

Dungeon Overview and Level Annotations

Branches:
Dungeon (4/15)             Temple (1/1) D:4

Altars:
Ashenzari
Dithmenos
Elyvilon
Fedhas
Gozag
Hepliaklqana
Kikubaaqudgha
Nemelex Xobeh
Okawaru
Qazlal
Ru
Trog
Uskayaw
Vehumet
Wu Jian
Xom
Yredelemnul
Zin
The Shining One

Shops:
D:4 (


Message History

The neqoxec shouts!
The neqoxec gestures.
A green death comes into view.
The green death roars!
You hear a bellow!
The green death hits you but does no damage.
You feel very mighty all of a sudden. The green death closely misses you.
Okay, then.
As you read the scroll labeled DANOICVEOR, it crumbles to dust.
You feel strangely unstable.
You feel the power of the Abyss delaying your translocation!
It was a scroll of teleportation.
The green death hits you!
Your shield and chain mail prevent you from hitting the green death.
The green death hits you!!
* * * LOW HITPOINT WARNING * * *
A ynoxinul comes into view.
The green death gestures at you. The bolt of poison hits you!!
You are lethally poisoned!
Ouch! That really hurt!
You die...

#.##.#....# ##
.. #.#. ..###
โ‰ˆ . #..###
.... โ‰ˆ ##..##.
... #..3
#..##...#.. ...5
##......## #
#..##3#3....##
#..#.#.##..##
#.##.##@..#.
...#.##...## #
#โ‰ˆ..####2##..#
#.## .... ..$#
## ยง..#.##.....
..##.3#. ..####
. . # . #.# # ..


You could see a green death and a neqoxec.

Vanquished Creatures
  An ogre (D:4)
  2 hounds (D:4)
  2 orc wizards
  An iguana (D:4)
  Terence (D:3)
  2 worker ants (D:4)
  A hound skeleton (D:4)
  2 adders
  2 oozes (D:1)
  A worm (D:2)
  A leopard gecko (D:3)
  3 orcs (D:4)
  4 giant cockroaches
  4 goblins
  A hobgoblin (D:2)
  8 jackals
  2 kobolds
  5 bats
  4 frilled lizards
  A quokka skeleton (D:4)
  2 rats
50 creatures vanquished.

Notes
Turn   | Place    | Note
-------+----------+-------------------------------------------
     0 | D:1      | Error4North the Hill Orc Fighter began the quest for the
                  | Orb.
     0 | D:1      | Reached XP level 1. HP: 19/19 MP: 1/1
   142 | D:1      | Reached XP level 2. HP: 25/27 MP: 2/2
   891 | D:2      | Found a shadowy altar of Dithmenos.
   891 | D:2      | Found a hazy altar of Hepliaklqana.
   894 | D:2      | Noticed a shadow
   902 | D:2      | Reached XP level 3. HP: 27/33 MP: 3/3
  1126 | D:2      | Found a glowing silver altar of Zin.
  1127 | D:2      | Found a radiant altar of Vehumet.
  1131 | D:2      | Found a bloodstained altar of Trog.
  1132 | D:2      | Found a shattered altar of Ashenzari.
  1634 | D:3      | Reached skill level 3 in Axes
  1824 | D:3      | Reached XP level 4. HP: 40/40 MP: 4/4
  2195 | D:3      | Noticed Terence
  2200 | D:3      | Killed Terence
  2200 | D:3      | Reached skill level 4 in Axes
  2385 | D:4      | Found a staircase to the Ecumenical Temple.
  2395 | Temple   | Entered the Ecumenical Temple
  2414 | Temple   | Became a worshipper of Warmaster Okawaru
  2683 | D:4      | Reached XP level 5. HP: 46/46 MP: 5/5
  2691 | D:4      | Reached skill level 5 in Axes
  2703 | D:4      | Found Gudurote's Antique Weapon Shop.
  2713 | D:4      | Reached skill level 1 in Dodging
  2915 | D:4      | Reached XP level 6. HP: 42/53 MP: 6/6
  3362 | D:4      | Found a bloodstained altar of Trog.
  3427 | D:4      | Cast into level 1 of the Abyss (orc)
  3481 | Abyss:1  | Noticed a neqoxec
  3483 | Abyss:1  | Noticed a green death
  3488 | Abyss:1  | Noticed a ynoxinul
  3489 | Abyss:1  | Killed from afar by a green death

Illustrated notes

Levels and vault maps discovered:
D:1:      eino_arrival_water_cross, layout_basic
D:2:      layout_basic, riverfiend_overflow_shadow_ancestor, minitemple,
          first_ration
D:3:      layout_loops_ring, serial_bayou_lake_a, uniq_terence
D:4:      layout_cave_pools, minmay_temple_entry_junction, serial_shops, shop,
          trog_three_pillars_becter
Temple:   nicolae_temple_figure_eight
Abyss:1:  base:
D:9

Skill      XL: |  1  2  3  4  5 |
---------------+----------------+-----
Fighting       | 4 |  4.6
Axes           | 3 4 5 |  5.7
Armour         | 4 |  4.9
Shields        | 4 |  4.4
Dodging        | 1 |  1.4

Action                   |  1- 3 |  4- 6 || total
-------------------------+-------+-------++-------
Melee: War axe           |    67 |   122 ||   189
  Use: Scroll            |       |     1 ||     1
       Potion            |       |     1 ||     1
  Eat: Chunk             |     3 |     5 ||     8
Armor: Scale mail        |    36 |     9 ||    45
       Chain mail        |       |    82 ||    82
Dodge: Dodged            |    42 |    53 ||    95
Block: Kite shield       |    42 |    56 ||    98

Table legend:
 A = Non-vault XP
 B = Vault XP
 C = Vault XP percentage of total XP
 D = Non-vault monster count
 E = Vault monster count
 F = Vault count percentage of total count
                 A         B        C        D         E       F
            +---------+---------+-------+---------+---------+-------
      Total |     515 |      36 |   6.5 |      49 |       1 |   2.0
            +---------+---------+-------+---------+---------+-------
        D:1 |      19 |       0 |   0.0 |       6 |       0 |   0.0
        D:2 |      39 |       0 |   0.0 |      13 |       0 |   0.0
        D:3 |      72 |      36 |  33.3 |      13 |       1 |   7.1
        D:4 |     385 |       0 |   0.0 |      17 |       0 |   0.0
            +---------+---------+-------+---------+---------+-------
